 Dungeon Crawl Stone Soup version 0.25.0-46-gbd7b0854d2 (webtiles) character file.

Game seed: 1657144349771694581

14389 Atelerd the Thaumaturge (level 12, -6/73 (74) HPs)
             Began as an Octopode Wizard on July 15, 2020.
             Was an Elder of Sif Muna.
             Mangled by a harpy simulacrum (18 damage)
             ... in a Gauntlet.
             The game lasted 01:03:22 (16283 turns).

Atelerd the Thaumaturge (Octopode Wizard)          Turns: 16283, Time: 01:03:23

HP:   -6/73 (74)    AC:  1    Str:  9    XL:     12   Next: 16%
MP:   28/28         EV: 15    Int: 25    God:    Sif Muna [****..]
Gold: 75            SH:  0    Dex: 11    Spells: 26/35 levels left

rFire    . . .     SeeInvis .   L - +5 war axe of the Middle {venom, +Blink rN+ MR+ Str+3}
rCold    . . .     Gourm    .   (no shield)
rNeg     + . .     Faith    .   a - +0 hat
rPois    +         Spirit   .   E - amulet of regeneration
rElec    .         Reflect  .   n - ring of poison resistance
rCorr    +         Harm     .   B - ring of Laosk {MR+ rCorr}
MR       ++...     NoTele   +   N - ring of wizardry
Stlth    ++++......             (no ring)
HPRegen  0.62/turn              (no ring)
MPRegen  0.21/turn              (no ring)
                                (no ring)
                                (no ring)

@: no status effects
A: almost no armour, stealthy swim, amphibious, 8 rings, constrict 8, camouflage
1, gelatinous body 1
a: Channel Magic, Forget Spell, Divine Exegesis, Renounce Religion, Evoke Blink


You were in a Gauntlet.
You worshipped Sif Muna.
Sif Muna was greatly pleased with you.
You were not hungry.

You visited 1 branch of the dungeon, and saw 11 of its levels.
You also visited: Gauntlet.

You collected 568 gold pieces.
You spent 493 gold pieces at shops.

Inventory:

Hand Weapons
 e - a +0 short sword
 g - a +0 short sword of venom
 r - a +2 mace of protection
 u - a +4 spear of venom
 L - the +5 war axe of the Middle (weapon) {venom, +Blink rN+ MR+ Str+3}
   (You bought it in a shop on level 9 of the Dungeon)

   It poisons the flesh of those it strikes.
   It affects your strength (+3).
   It protects you from negative energy.
   It affects your resistance to hostile enchantments.
   It lets you blink.
Missiles
 q - 7 atropa-tipped darts (quivered)
Armour
 a - a +0 hat (worn)
Jewellery
 n - a ring of poison resistance (left tentacle)
 B - the ring of Laosk (right tentacle) {MR+ rCorr}
   (You took it off an orc on level 8 of the Dungeon)

   [ring of resist corrosion]

   It affects your resistance to hostile enchantments.
   It provides partial protection from all sources of acid and corrosion.
 E - an amulet of regeneration (around mantle)
 N - a ring of wizardry (on tentacle)
Wands
 l - a wand of flame (8)
 t - a wand of random effects (10)
 y - a wand of clouds (8)
 H - a wand of paralysis (5)
 K - a wand of digging (3)
 O - a wand of iceblast (5)
Scrolls
 b - 2 scrolls of fear
 f - 6 scrolls of amnesia
 j - 5 scrolls of enchant armour
 m - 5 scrolls of teleportation
 o - 8 scrolls of remove curse
 x - a scroll of immolation
 I - 2 scrolls of silence {unknown}
 J - a scroll of enchant weapon {unknown}
 M - a scroll of brand weapon {unknown}
Potions
 d - 2 potions of heal wounds
 h - 2 potions of flight
 i - 2 potions of lignification {unknown}
 k - a potion of invisibility
 p - 2 potions of brilliance {unknown}
 v - a potion of haste {unknown}
 w - 2 potions of magic {unknown}
 z - 2 potions of resistance
 A - a potion of stabbing {unknown}
 C - 3 potions of mutation {unknown}
 D - 2 potions of berserk rage
 F - 2 potions of degeneration
 G - 4 potions of curing
 S - a potion of might {unknown}
Miscellaneous
 s - a box of beasts
 P - a tin of tremorstones (1/3)
 Q - a phial of floods (inert)
 R - a lightning rod (1/4)
Comestibles
 c - 23 rations


   Skills:
 - Level 4.0 Fighting
 - Level 5.0 Dodging
 - Level 5.0 Stealth
 - Level 12.3 Spellcasting
 * Level 8.9 Conjurations
   Level 1.0 Summonings
 - Level 1.0 Translocations
 - Level 2.0 Fire Magic
 - Level 7.0 Poison Magic
 + Level 6.4 Invocations


You had 26 spell levels left.
You knew the following spells:

 Your Spells              Type           Power        Failure   Level  Hunger
a - Magic Dart            Conj           ####         1%          1    None
b - Mephitic Cloud        Conj/Pois/Air  #####...     1%          3    None
c - Blink                 Tloc           N/A          1%          2    None
d - Conjure Flame         Conj/Fire      #####...     1%          3    None

Your spell library contained the following spells:

 Spells                   Type           Power        Failure   Level  Hunger
 Call Imp                 Summ           ###.....     1%          2    None
 Slow                     Hex            ###.....     2%          2    None


Dungeon Overview and Level Annotations

Branches:
Dungeon (11/15)            Temple (0/1) D:6            Lair (0/6) D:8
    Orc (0/2) D:11        Gauntlet (1/1)

Altars:
Fedhas
Hepliaklqana
Ru
Sif Muna
Uskayaw
Wu Jian
Zin
Beogh

Shops:
D:8 !   D:9 *   D:10 [

Annotations:
D:7 exclusion: downstairs
D:10 1 runed translucent door, 2 transporters, qipq's ghost, novice FeVM Gauntlet 7 transporters, exclusion: ice statue


Innate Abilities, Weirdness & Mutations

You cannot wear most types of armour.
You are very stealthy in the water. (Stealth+)
You are amphibious.
You can wear up to eight rings at the same time.
You can use your tentacles to constrict eight enemies at once.
Your skin changes colour to match your surroundings (Stealth+).
Your rubbery body absorbs attacks. (AC +1, EV +1)


Message History

You squeeze the harpy simulacrum.
The harpy simulacrum is lightly damaged.
You constrict the harpy simulacrum.
The harpy simulacrum barely misses you. x2
The harpy simulacrum claws you! The harpy simulacrum freezes you!!
The harpy simulacrum misses you.
The harpy simulacrum closely misses you. x2
The harpy simulacrum barely misses you. x2
Evoke which item? (* to show all) (? for menu, Esc to quit)
Aiming: Paralyse
Press: ? - help, Shift-Dir - straight line, f - harpy simulacrum
Aim: a harpy simulacrum (moderately damaged, constricted by you, chance to defeat MR: 55%)
The harpy simulacrum resists with significant effort.
The hell hound barks!
You constrict the harpy simulacrum. The harpy simulacrum claws you!
The harpy simulacrum freezes you!
* * * LOW HITPOINT WARNING * * *
The harpy simulacrum claws you!
* * * LOW HITPOINT WARNING * * *
The harpy simulacrum freezes you!!
You die...

.......... #......#
##########.©..©.#########
≈#≈#≈#≈#≈########≈#≈#≈#§###
......................§..≈#
.............∩........§..##
.###########..#########.§§#
.##..[©!h.##..#..[©!=.#.§##
.#^#.....#b#..#.@####.#..≈#
.#..#...#^.#..#Z#...#.#..##
.#..^#.#^..#..#Z#.©.#.#..§#
.#...^#^..h#..#.#...#.#..##
.#..^#©#^..#..#.####..#..§#
.#..#...#..#..#..ZZZ..#..##
.#.#.....#h#..#########..≈#
.##.......##.....#©#.....##
.###########.....#©#.....≈#


You could see a hell hog, a hell hound, a fire bat, a harpy simulacrum and a
centaur warrior simulacrum.

Vanquished Creatures
  An orc warlord (D:8)
  Snorg (D:10)
  Erica (D:9)
  2 two-headed ogres
  Nergalle (D:10)
  An orc knight (D:8)
  Psyche (D:10)
  Maggie (D:10)
  An ice devil (Gauntlet)
  2 trolls
  A hippogriff (D:9)
  A hornet (D:8)
  Sigmund (D:3)
  A hungry ghost (D:7)
  3 wyverns
  Menkaure (D:7)
  A soldier ant (D:10)
  17 wargs (D:8)
  Edmund (D:4)
  The ghost of Milting the Changer, an amateur OpTm (D:4)
  A water moccasin (D:7)
  Duvessa (D:5)
  6 orc warriors
  3 sky beasts
  A hornet zombie (D:6)
  3 ice beasts
  A phantom (D:10)
  2 centaurs
  5 ogres
  A big kobold (D:9)
  3 bullfrogs
  Dowan (D:5)
  A wyvern skeleton (D:10)
  A scorpion (D:7)
  9 killer bees
  An electric eel (D:9)
  3 howler monkeys
  A centaur zombie (D:9)
  6 crimson imps
  A bullfrog zombie (D:9)
  2 hounds
  3 jellies (D:9)
  15 orc priests
  2 iguanas (D:8)
  5 orc wizards
  A bullfrog skeleton (D:6)
  A centaur skeleton (D:5)
  Ijyb (D:3)
  Terence (D:2)
  13 worker ants
  Natasha (twice) (D:2)
  A hound skeleton (D:5)
  Robin (D:3)
  A howler monkey skeleton (D:4)
  3 gnolls (D:5)
  4 adders
  3 shadow imps
  3 white imps (Gauntlet)
  7 oozes
  An adder skeleton (D:4)
  2 adder zombies (D:7)
  A worm (D:2)
  A dart slug (D:1)
  3 leopard geckos
  63 orcs
  6 giant cockroaches
  14 goblins
  8 hobgoblins
  2 jackals (D:2)
  6 kobolds
  3 bats
  5 frilled lizards
  7 rats
  A butterfly (D:10)
283 creatures vanquished.

Vanquished Creatures (collateral kills)
  An orc wizard (D:6)
  A white imp (Gauntlet)
2 creatures vanquished.

Vanquished Creatures (others)
  A plant (D:8)
1 creature vanquished.

Grand Total: 286 creatures vanquished

Notes
Turn   | Place    | Note
-------+----------+-------------------------------------------
     0 | D:1      | Atelerd the Octopode Wizard began the quest for the Orb.
     0 | D:1      | Reached XP level 1. HP: 11/11 MP: 4/4
   427 | D:1      | Reached XP level 2. HP: 7/17 MP: 3/6
  1676 | D:2      | Noticed Terence
  1691 | D:2      | Killed Terence
  1691 | D:2      | Reached XP level 3. HP: 11/22 MP: 8/8
  1776 | D:2      | Reached skill level 1 in Fighting
  1785 | D:2      | Learned a level 3 spell: Mephitic Cloud
  1788 | D:2      | Learned a level 2 spell: Blink
  1952 | D:2      | Reached XP level 4. HP: 24/28 MP: 9/9
  2368 | D:2      | Reached skill level 1 in Poison Magic
  2377 | D:2      | Noticed Natasha
  2386 | D:2      | Killed Natasha
  2691 | D:2      | Noticed Natasha
  2700 | D:2      | Killed Natasha
  2700 | D:2      | Reached XP level 5. HP: 34/34 MP: 6/10
  2779 | D:2      | Found a faded altar of an unknown god.
  2880 | D:3      | Noticed Robin
  2999 | D:3      | Noticed Ijyb
  3021 | D:3      | Killed Ijyb
  3203 | D:3      | Found a shimmering blue altar of Sif Muna.
  3236 | D:3      | Became a worshipper of Sif Muna the Loreminder
  3684 | D:3      | Killed Robin
  3858 | D:3      | Noticed Sigmund
  3866 | D:3      | Killed Sigmund
  3866 | D:3      | Reached skill level 5 in Poison Magic
  3866 | D:3      | Reached XP level 6. HP: 39/39 MP: 7/11
  3880 | D:3      | Learned a level 3 spell: Conjure Flame
  4072 | D:4      | Reached XP level 7. HP: 45/45 MP: 8/12
  4108 | D:4      | Found a runed translucent gate.
  4108 | D:4      | Found a runed translucent gate.
  4108 | D:4      | Found a runed translucent gate.
  4135 | D:4      | Noticed Edmund
  4159 | D:4      | Killed Edmund
  4159 | D:4      | Reached skill level 4 in Spellcasting
  4172 | D:4      | Reached skill level 1 in Fire Magic
  4536 | D:4      | Reached skill level 5 in Spellcasting
  4797 | D:4      | Noticed Milting's ghost (amateur OpTm)
  4909 | D:4      | Noticed an angel
  4910 | D:4      | Found a glowing silver altar of Zin.
  5135 | D:4      | Found a roughly hewn altar of Beogh.
  5193 | D:5      | Entered Level 5 of the Dungeon
  5247 | D:5      | Reached XP level 8. HP: 50/50 MP: 15/15
  5533 | D:5      | Found a blossoming altar of Fedhas.
  5844 | D:5      | Reached skill level 6 in Spellcasting
  6221 | D:5      | Noticed Duvessa
  6221 | D:5      | Noticed Dowan
  6243 | D:5      | Killed Duvessa
  6252 | D:5      | Killed Dowan
  6252 | D:5      | Reached skill level 7 in Spellcasting
  7147 | D:6      | Reached skill level 8 in Spellcasting
  7477 | D:6      | Found a staircase to the Ecumenical Temple.
  7539 | D:6      | Reached XP level 9. HP: 39/54 MP: 15/21
  7626 | D:6      | Reached * piety under Sif Muna
  8191 | D:7      | Found a sacrificial altar of Ru.
  8247 | D:7      | Reached skill level 9 in Spellcasting
  8576 | D:7      | Found an ornate altar of the Wu Jian Council.
  8669 | D:7      | Noticed a troll
  8671 | D:7      | Noticed Menkaure
  8691 | D:7      | Killed a troll
  8802 | D:7      | Killed Menkaure
  9009 | D:7      | Reached skill level 10 in Spellcasting
  9764 | D:8      | Found a hide-covered altar of Uskayaw.
  9796 | D:8      | Reached skill level 11 in Spellcasting
  9796 | D:8      | Reached XP level 10. HP: 14/60 MP: 18/25
 10333 | D:8      | Reached skill level 12 in Spellcasting
 10751 | D:8      | Identified the ring of Laosk {MR+ rCorr}
 10752 | D:8      | Reached ** piety under Sif Muna
 10786 | D:8      | Noticed an orc knight
 10838 | D:8      | Killed an orc knight
 10838 | D:8      | Reached skill level 1 in Invocations
 10925 | D:8      | Found a staircase to the Lair.
 11129 | D:8      | Found Ozxach's Distillery.
 11166 | D:8      | Bought a potion of degeneration for 14 gold pieces
 11166 | D:8      | Bought a potion of curing for 42 gold pieces
 11166 | D:8      | Bought a potion of heal wounds for 70 gold pieces
 11166 | D:8      | Bought a potion of curing for 42 gold pieces
 11166 | D:8      | Bought a potion of curing for 42 gold pieces
 11453 | D:8      | Noticed an orc warlord
 11478 | D:8      | Killed an orc warlord
 11478 | D:8      | Reached skill level 5 in Stealth
 11478 | D:8      | Reached XP level 11. HP: 67/67 MP: 20/27
 11550 | D:8      | Reached skill level 5 in Conjurations
 11601 | D:8      | Found a hazy altar of Hepliaklqana.
 12043 | D:8      | Reached *** piety under Sif Muna
 12530 | D:9      | Noticed a two-headed ogre
 12556 | D:8      | Killed a two-headed ogre
 12687 | D:9      | Found Yngenn's Assorted Antiques.
 12695 | D:9      | Bought a scroll labeled SAN CI POUPICI for 21 gold pieces
 12695 | D:9      | Bought a scroll labeled WIROELA POZU for 21 gold pieces
 12695 | D:9      | Bought a scroll of identify for 42 gold pieces
 12695 | D:9      | Bought a smoking war axe for 178 gold pieces
 12695 | D:9      | Bought a scroll labeled WISYMNER RUCK for 21 gold pieces
 12695 | D:9      | Identified the +5 war axe of the Middle {venom, +Blink rN+
                  | MR+ Str+3} (You bought it in a shop on level 9 of the
                  | Dungeon)
 13162 | D:9      | Noticed Erica
 13411 | D:9      | Killed Erica
 13994 | D:4      | Killed Milting's ghost
 14229 | D:10     | Entered Level 10 of the Dungeon
 14368 | D:10     | Found a runed translucent door.
 14372 | D:10     | Found a runed translucent door.
 14435 | D:10     | Reached **** piety under Sif Muna
 14531 | D:10     | Noticed Nergalle
 14543 | D:10     | Reached skill level 5 in Dodging
 14547 | D:10     | Killed Nergalle
 14547 | D:10     | Reached skill level 5 in Invocations
 14623 | D:10     | Noticed an ogre mage
 14627 | D:10     | Found a transporter.
 14627 | D:10     | Noticed qipq's ghost (novice FeVM)
 14632 | D:10     | Found a transporter.
 14713 | D:10     | Found Docwugon's Antique Armour Shoppe.
 14732 | D:10     | Noticed Maggie
 14744 | D:10     | Noticed Psyche
 14749 | D:10     | Killed Maggie
 14756 | D:10     | Killed Psyche
 15046 | D:10     | Noticed Snorg
 15071 | D:10     | Killed Snorg
 15071 | D:10     | Reached XP level 12. HP: 19/74 MP: 10/28
 15180 | D:10     | Noticed a two-headed ogre
 15223 | D:10     | Killed a two-headed ogre
 15801 | D:11     | Found a gate leading to a gauntlet.
 15815 | Gauntlet | Entered a Gauntlet
 15815 | Gauntlet | Found a transporter.
 15815 | Gauntlet | Found a transporter.
 15816 | Gauntlet | Found a transporter.
 15817 | Gauntlet | Found a transporter.
 15818 | Gauntlet | Found a transporter.
 15820 | Gauntlet | Found a transporter.
 15827 | Gauntlet | Found a transporter.
 15828 | Gauntlet | Found a transporter.
 15829 | Gauntlet | Found a transporter.
 15831 | Gauntlet | Found a transporter.
 15838 | Gauntlet | Noticed a hell hog
 15840 | Gauntlet | Found a transporter.
 15842 | Gauntlet | Found a transporter.
 15875 | Gauntlet | Noticed a death ooze
 16283 | Gauntlet | Mangled by a harpy simulacrum

Illustrated notes

Levels and vault maps discovered:
D:1:      minmay_arrival_five_plusses, layout_basic
D:2:      layout_loops_ring, chequers_ecumenical_altar_simple, kennysheep_boxes,
          uniq_terence, uniq_natasha
D:3:      layout_basic, lemuel_blue_sif_altar, glass_columns_a, uniq_sigmund,
          uniq_robin, uniq_ijyb
D:4:      layout_loops_ring, zin_angel, biasface_ghost_orc_armoury, uniq_edmund
D:5:      layout_basic, lemuel_round_altar, first_ration, uniq_duvessa
D:6:      layout_cave_pools, minmay_temple_entry_waves, minivault_5
D:7:      layout_basic, nicolae_ru_path_of_blood, lemuel_doored_altar,
          uniq_menkaure
D:8:      lemuel_castle_with_subvaults [lemuel_castle_interior_carwin_1],
          layout_basic, kennysheep_mini, nicolae_overflow_crystal_walls,
          erik_lair_orcish_takeover, serial_shops, kennysheep_mini_moat
D:9:      layout_irregular_city, serial_shops, shop_statue,
          hangedman_little_slice_of_home, serial_bayou_pond_b, uniq_erica
D:10:     lemuel_insect_pit, layout_basic, serial_shops, shop,
          gammafunk_ghost_arena, uniq_maggie, uniq_psyche, uniq_nergalle,
          uniq_snorg
D:11:     layout_basic, david_orc_4, gauntlet_entry_generic
Gauntlet: minmay_gauntlet_mixed_big_or_small
          [gammafunk_gauntlet_arena_split_diamond,
          minmay_gauntlet_arena_77_museum, nicolae_gauntlet_arena_blocks,
          minmay_gauntlet_arena_77_two_lines, nicolae_gauntlet_arena_x,
          minmay_gauntlet_arena_77_box, gauntlet_exit_watery]

Skill      XL: |  1  2  3  4  5  6  7  8  9 10 11 12 |
---------------+-------------------------------------+-----
Conjurations   | 2 4 8 |  8.9
Fighting       | 1 2 3 4 |  4.0
Poison Magic   | 2 5 6 7 |  7.0
Spellcasting   | 5 8 11 12 | 12.3
Fire Magic     | 2 |  2.0
Stealth        | 5 |  5.0
Invocations    | 2 5 6 |  6.4
Dodging        | 3 5 |  5.0
Summonings     | |  1.0
Translocations | |  1.0

Action                   |  1- 3 |  4- 6 |  7- 9 | 10-12 || total
-------------------------+-------+-------+-------+-------++-------
Melee: Short sword       |    45 |    78 |       |       ||   123
       Constrict         |    15 |    26 |    31 |    76 ||   148
       Unarmed           |     4 |       |       |       ||     4
       Tentacles         |     6 |     9 |    27 |    51 ||    93
       Spear             |       |    27 |   228 |   433 ||   688
       War axe           |       |       |       |   151 ||   151
       Mace              |       |       |       |     1 ||     1
 Cast: Magic Dart        |    15 |    14 |    21 |    95 ||   145
       Mephitic Cloud    |       |     8 |    21 |    61 ||    90
       Conjure Flame     |       |     1 |    10 |    14 ||    25
       Blink             |       |       |    13 |    34 ||    47
Evoke: Wand              |       |       |     5 |    27 ||    32
       Tin of tremorston |       |       |       |     2 ||     2
       Phial of floods   |       |       |       |     1 ||     1
       Lightning rod     |       |       |       |     3 ||     3
       Box of beasts     |       |       |       |     2 ||     2
  Use: Scroll            |       |     5 |     3 |     7 ||    15
       Potion            |       |       |       |     2 ||     2
 Stab: Sleeping          |     7 |     5 |    11 |     5 ||    28
       Confused          |       |     3 |     6 |     9 ||    18
       Distracted        |       |       |     1 |     3 ||     4
  Eat: Chunk             |     3 |     7 |     9 |    15 ||    34
       Ration            |       |       |     3 |     2 ||     5
Armor: Skin              |     1 |     7 |     6 |    12 ||    26
Dodge: Dodged            |    28 |    59 |    83 |   234 ||   404
